 Dungeon Crawl Stone Soup version 0.17-a0-670-g5d95ebd (webtiles) character file.

1148 laxity the Transmogrifier (level 8, 0/64 HPs)
             Began as a Naga Transmuter on Apr 18, 2015.
             Slain by a killer bee (8 damage)
             ... on level 7 of the Dungeon.
             The game lasted 00:17:33 (9146 turns).

laxity the Transmogrifier (Naga Transmuter)         Turns: 9146, Time: 00:17:33

Health: 0/64       AC:  4    Str: 12    XL:     8   Next: 38%
Magic:  6/11       EV: 10    Int: 16    God:
Gold:   360        SH:  0    Dex: 12    Spells: 3 memorised, 2 levels left

rFire  . . .     SeeInvis +       - Unarmed
rCold  . . .     Clarity  .     c - +1 robe
rNeg   . . .     SustAb   +     (shield currently unavailable)
rPois  +         Gourm    .     (no helmet)
rElec  .         Spirit   .     (no cloak)
rCorr  .         Warding  .     (gloves currently unavailable)
rMut   .         Stasis   .     (no barding)
MR     +....                    (no amulet)
Stlth  +.........               (no ring)
                                r - ring of sustain abilities (curse)

@: about to teleport, blade hands, very slow, somewhat resistant to hostile
enchantments, very unstealthy
A: see invisible, deformed body, poison resistance, slowness 2, spit poison 2,
AC +2
a: Spit Poison, End Transformation


You were on level 7 of the Dungeon.
You were not hungry.
You had blades for hands.
You visited 2 branches of the dungeon, and saw 8 of its levels.

You collected 360 gold pieces.

Inventory:

Missiles
 b - 115 arrows
Armour
 c - a +1 robe (worn)
Jewellery
 g - an uncursed ring of flight
 r - a cursed ring of sustain abilities (left scythe-like blade)
Magical devices
 k - a wand of disintegration (16)
 q - a wand of slowing (16)
 s - a wand of slowing (21)
Scrolls
 f - 3 scrolls of remove curse
 i - 2 scrolls of amnesia
 n - 3 scrolls of recharging
 t - a scroll of identify
 v - a scroll of blinking
Potions
 e - 2 potions of brilliance
 h - 4 potions of curing
 j - a potion of agility
 l - 2 potions of mutation
 o - 2 potions of restore abilities
 p - 2 potions of berserk rage
Books
 d - a book of Changes

   Spells                             Type                      Level
   a - Beastly Appendage              Transmutation                1
   b - Sticks to Snakes               Transmutation                2
   c - Spider Form                    Transmutation/Poison         3
   d - Ice Form                       Ice/Transmutation            4
   e - Blade Hands                    Transmutation                5
Comestibles
 a - 3 bread rations
 m - 2 beef jerkies


   Skills:
 - Level 1.0 Fighting
 - Level 1.5 Dodging
 - Level 3.0 Unarmed Combat
 - Level 2.0 Spellcasting
 + Level 9.9 Transmutations


You had 2 spell levels left.
You knew the following spells:

 Your Spells              Type           Power        Failure   Level  Hunger
a - Beastly Appendage     Trmt           ####..       12%         1    #......
b - Spider Form           Trmt/Pois      ###.......   50%         3    ###....
c - Blade Hands           Trmt           ####......   50%         5    ######.


Dungeon Overview and Level Annotations

Branches:
Dungeon (7/15)             Temple (1/1) D:6

Altars:
Ashenzari
Dithmenos
Elyvilon
Fedhas
Gozag
Makhleb
Nemelex Xobeh
Okawaru
Trog
Xom
Yredelemnul
Zin
The Shining One

Annotations:
D:3 laxity's ghost, experienced NaTm


Innate Abilities, Weirdness & Mutations

You cannot wear boots.
Your serpentine skin is tough (AC +2).
You have supernaturally acute eyesight.
Armour fits poorly on your strangely shaped body.
Your system is resistant to poisons.
You cover ground very slowly.
You can spit poison.


Message History

The killer bee poisons you! The killer bee stings you!
The killer bee misses you. The killer bee closely misses you.
The killer bee stings you!
* * * LOW HITPOINT WARNING * * *
You are more poisoned.
The killer bee poisons you!
The killer bee stings you but does no damage. x2
The killer bee closely misses you.
Drink which item? (? for menu, Esc to quit)
You feel better. The killer bee stings you.
* * * LOW HITPOINT WARNING * * *
The killer bee stings you but does no damage.
The killer bee barely misses you.
The killer bee stings you but does no damage.
The killer bee barely misses you. The killer bee stings you.
* * * LOW HITPOINT WARNING * * *
The killer bee stings you.
* * * LOW HITPOINT WARNING * * *
The killer bee stings you!
You die...

. #. ##.##
#...#
#...####.
#y.......
#yy.......
#@yy#
##y## ...
####


You could see 6 killer bees.

Vanquished Creatures
  A phantom (D:4)
  A necrophage (D:6)
  An ogre (D:4)
  A centaur (D:3)
  An orc warrior (D:6)
  A scorpion (D:6)
  2 hounds
  A centaur zombie (D:6)
  A crimson imp (D:5)
  3 worker ants (D:5)
  3 centaur skeletons
  A mummy (D:4)
  14 adders
  7 gnolls
  A shadow imp (D:6)
  An adder skeleton (D:4)
  An ooze (D:5)
  3 worms
  3 giant geckos
  4 orcs (D:3)
  2 ball pythons
  A bat skeleton (D:6)
  9 giant cockroaches
  15 hobgoblins
  12 jackals
  19 kobolds
  3 quokkas
  12 bats
  8 giant newts
  10 goblins
  A hobgoblin zombie (D:4)
  A jackal skeleton (D:6)
  An orc zombie (D:4)
  13 rats
158 creatures vanquished.

Notes
Turn   | Place    | Note
--------------------------------------------------------------
     0 | D:1      | laxity, the Naga Transmuter, began the quest for the Orb.
     0 | D:1      | Reached XP level 1. HP: 18/18 MP: 3/3
   105 | D:1      | Reached XP level 2. HP: 12/25 MP: 5/5
  1685 | D:1      | Reached XP level 3. HP: 19/31 MP: 4/6
  1693 | D:1      | Learned a level 3 spell: Spider Form
  2499 | D:2      | Found a white marble altar of Elyvilon.
  2915 | D:2      | Reached skill level 4 in Transmutations
  2930 | D:2      | Reached XP level 4. HP: 29/38 MP: 4/7
  4014 | D:3      | Reached skill level 5 in Transmutations
  4018 | D:3      | Reached XP level 5. HP: 12/44 MP: 1/8
  4639 | D:3      | Noticed a centaur
  4717 | D:3      | Killed a centaur
  4717 | D:3      | Reached skill level 6 in Transmutations
  4717 | D:3      | Reached XP level 6. HP: 40/51 MP: 5/9
  4780 | D:3      | Learned a level 5 spell: Blade Hands
  4821 | D:3      | Noticed laxity's ghost (experienced NaTm)
  5584 | D:5      | Entered Level 5 of the Dungeon
  5945 | D:5      | Reached skill level 7 in Transmutations
  6110 | D:4      | Reached XP level 7. HP: 15/57 MP: 7/10
  6551 | D:4      | Reached skill level 8 in Transmutations
  7751 | D:6      | Reached skill level 9 in Transmutations
  7751 | D:6      | Reached XP level 8. HP: 51/64 MP: 7/11
  8697 | D:6      | Found a staircase to the Ecumenical Temple.
  8830 | Temple   | Entered the Ecumenical Temple
  8967 | D:6      | Found a glowing golden altar of the Shining One.
  9146 | D:7      | Slain by a killer bee

Action                   |  1- 3 |  4- 6 |  7- 9 || total
-------------------------+-------+-------+-------++-------
Melee: Unarmed           |   191 |   257 |   230 ||   678
 Cast: Beastly Appendage |    10 |     4 |       ||    14
       Spider Form       |     2 |    26 |    24 ||    52
       Blade Hands       |       |       |     2 ||     2
  Use: Scroll            |       |     8 |     4 ||    12
       Potion            |       |     4 |     1 ||     5
 Stab: Sleeping          |     2 |     1 |       ||     3
       Distracted        |       |     1 |       ||     1
  Eat: Chunk             |     7 |    12 |     8 ||    27
       Pizza             |       |     1 |       ||     1
       Bread ration      |       |       |     2 ||     2
